Map: Néo-Gettysburg EC

Players

Worming - Winner!

  • Race: Zerg Zerg
  • League: Diamond

imbaVinDikaT

  • Race: Terran Terran
  • League: Diamond

VOD

Have the link to the VOD?

Description

Time

  • Played on: Sept. 24, 2016, 12:11 p.m.
  • Length: 12:27
Show
View Real Time Build Order
Export as new Build Order

Worming Zerg - Winner!

Build Orders: Hatch First 

Get SALT Encoding   

  12  0:01  Drone  
  13  0:13  Overlord  
  13  0:18  Drone  
  14  0:31  Drone x2  
  16  0:37  Drone  
  17  0:52  Hatchery  
  17  0:56  Drone  
  17  0:59  Drone  
  18  1:14  Spawning Pool  
  18  1:16  Drone  
  18  1:20  Drone  
  19  1:30  Drone, Extractor  
  19  1:40  Drone  
  20  2:02  Overlord  
  20  2:03  Queen  
  20  2:04  Queen  
  20  2:05  Zergling x4  
  26  2:11  Overlord  
  26  2:18  Drone  
  26  2:22  Drone  
  28  2:25  Drone  
  29  2:44  Metabolic Boost  
  29  2:47  Drone x2  
  29  2:50  Drone  
  32  2:52  Hatchery  
  32  2:56  Drone x2  
  33  3:02  Queen  
  35  3:25  Drone x9  
  44  3:30  Roach Warren  
  43  3:39  Overlord  
  43  3:44  Extractor  
  43  3:45  Extractor  
  41  3:51  Drone x3  
  43  4:04  Evolution Chamber, Extractor  
  41  4:13  Drone  
  41  4:14  Drone x4, Evolution Chamber  
  41  4:15  Drone  
  41  4:16  Drone  
  48  4:17  Drone x2  
  48  4:22  Overlord x3  
  48  4:23  Overlord  
  49  4:30  Lair  
  49  4:31  Zerg Missile Weapons Level 1  
  49  4:40  Pneumatized Carapace  
  49  4:45  Drone  
  49  4:46  Drone x2  
  49  4:51  Drone x7  
  59  4:54  Extractor  
  59  4:57  Zerg Ground Armor Level 1  
  58  5:04  Drone x4  
  58  5:05  Drone  
  63  5:15  Drone x3  
  63  5:16  Overlord x2  
  66  5:23  Overlord  
  66  5:24  Roach x3  
  66  5:26  Zergling x2  
  71  5:53  Spine Crawler  
  70  5:57  Roach x2  
  70  5:58  Roach x11  
  96  6:05  Drone  
  96  6:08  Extractor  
  96  6:19  Hatchery  
  96  6:21  Glial Reconstitution  
  96  6:24  Drone  
  96  6:25  Infestation Pit  
  96  6:27  Drone x2  
  96  6:28  Overlord x4  
  96  6:29  Overlord x2  
  96  6:30  Overseer  
  97  6:34  Spore Crawler  
  93  6:41  Drone x4  
  97  6:49  Queen  
  100  7:08  Hive, Spire  
  97  7:09  Queen  
  97  7:11  Drone  
  97  7:12  Drone x6  
  106  7:25  Queen  
  106  7:33  Zerg Missile Weapons Level 2  
  106  7:34  Zerg Ground Armor Level 2  
  106  7:40  Drone x11  
  117  7:45  Queen  
  119  7:58  Hydralisk Den  
  119  8:00  Queen  
  120  8:07  Hatchery  
  120  8:10  Overlord x2  
  120  8:11  Overlord  
  119  8:16  Overlord x8  
  119  8:18  Roach x4  
  125  8:43  Roach Warren  
  125  8:44  Overseer  
  119  8:50  Ravager x4  
  119  8:51  Ravager x2  
  119  8:55  Drone x14  
  128  9:13  Spore Crawler  
  128  9:16  Spore Crawler, Corruptor  
  128  9:17  Corruptor x9  
  126  9:19  Zergling x2  
  126  9:20  Zergling x12  
  126  9:23  Drone  
  154  9:27  Extractor  
  154  9:28  Extractor  
  152  9:37  Drone x3  
  152  9:38  Drone x3  
  158  9:41  Greater Spire  
  158  9:49  Drone x2  
  160  9:59  Zergling x20  
  170  10:02  Drone x7  
  177  10:16  Roach x8  
  193  10:28  Overseer  
  193  10:29  Overseer  
  194  10:42  Zergling x2  
  194  10:43  Ultralisk Cavern, Zergling x10  
  198  10:50  Extractor x2  
  186  11:10  Brood Lord x3  
  192  11:12  Zergling x14  
Show
View Real Time Build Order
Export as new Build Order

imbaVinDikaT Terran 

Build Orders:  

Get SALT Encoding   

  12  0:01  SCV  
  13  0:13  SCV  
  14  0:19  Supply Depot  
  14  0:25  SCV  
  15  0:31  Refinery  
  15  0:41  SCV  
  16  0:46  Barracks  
  16  0:53  SCV  
  17  1:05  SCV  
  18  1:13  Refinery  
  18  1:17  SCV  
  19  1:29  SCV  
  19  1:31  Supply Depot  
  20  1:33  Reaper  
  21  1:41  Orbital Command  
  21  1:48  Factory  
  21  2:03  Supply Depot  
  21  2:07  SCV  
  22  2:12  Marine  
  23  2:19  SCV  
  24  2:31  SCV  
  24  2:35  Starport, Factory Tech Lab  
  24  2:43  Starport, SCV  
  25  2:54  Siege Tank  
  25  2:55  SCV  
  29  3:03  Supply Depot  
  29  3:07  SCV  
  30  3:13  Viking  
  33  3:20  SCV  
  33  3:25  Viking  
  35  3:32  SCV  
  36  3:49  Command Center  
  36  3:52  Starport Reactor, Siege Tank  
  39  3:56  SCV  
  39  4:01  Supply Depot  
  40  4:08  SCV  
  41  4:11  Starport Tech Lab  
  41  4:17  Starport  
  41  4:26  Refinery  
  41  4:31  SCV  
  42  4:43  Banshee, SCV  
  46  5:02  Orbital Command  
  46  5:06  Refinery  
  47  5:07  SCV  
  47  5:18  Command Center  
  47  5:19  SCV  
  48  5:27  Starport Tech Lab  
  46  5:52  Banshee x2  
  46  5:53  Banshee  
  57  5:57  Hellion x2  
  57  6:01  SCV x2  
  61  6:06  Supply Depot  
  61  6:08  Supply Depot  
  61  6:11  Engineering Bay  
  61  6:13  SCV x2  
  61  6:15  Cloaking Field  
  63  6:20  Hellion x2  
  67  6:25  Factory  
  67  6:43  Banshee x3  
  67  6:45  SCV x2  
  75  7:03  Hellion x2  
  75  7:04  SCV x2  
  81  7:13  Factory Tech Lab  
  81  7:28  Banshee x3  
  90  7:33  Armory  
  90  7:37  Orbital Command  
  90  7:42  Missile Turret  
  90  7:44  Missile Turret  
  90  7:45  Missile Turret, SCV x2  
  92  7:52  Missile Turret  
  92  7:55  Siege Tank  
  92  7:56  Hellion  
  97  8:04  SCV x2  
  99  8:10  Supply Depot  
  99  8:11  Supply Depot  
  99  8:15  Supply Depot  
  99  8:17  SCV x2  
  101  8:31  Banshee x2  
  101  8:32  Hellion, Banshee  
  112  8:54  Thor  
  115  9:11  SCV x2  
  115  9:12  SCV  
  115  9:14  Refinery  
  118  9:18  Refinery  
  118  9:22  Missile Turret  
  118  9:23  SCV x2  
  120  9:27  SCV  
  120  9:29  Banshee, Missile Turret  
  124  9:35  SCV  
  125  9:45  Missile Turret x2  
  125  9:47  Terran Vehicle Weapons Level 1  
  125  9:50  Armory  
  125  10:09  Supply Depot  
  125  10:12  Supply Depot  
  125  10:29  Missile Turret  
  125  10:30  Missile Turret x2  
  125  10:31  Missile Turret  
  125  10:32  Command Center  
  125  10:34  SCV  
  125  10:35  Supply Depot  
  126  10:37  Supply Depot  
  126  10:39  Supply Depot  
  126  10:56  Thor  
  126  10:57  Viking  
  134  10:59  Hellion, Banshee x2  
  134  11:01  Hellion, SCV  
  145  11:20  Hellion, Factory x2  
  147  11:27  Viking  
  149  11:43  Thor, Viking  
  149  11:44  Hellion x2  
  149  11:45  Viking  
  163  11:54  Orbital Command  
Tags
 
Add a new tag
Caveats
  • Supply blocks, unpowered buildings, or Contaminate may cause inaccurate times.
  • Supply counts are checked every 10 seconds.